| TOP OF THE 1ST |
|
Trois-Riveres Aigles batting - Pitching for New Jersey Devils : RHP Frank Emery
|
|
Pitching: RHP Frank Emery
|
|
|
Batting: RHB Ryan Holzwart
|
0-0: Ball 1-0: SOLO HOME RUN (Flyball, 78XD, EV 109.4 MPH), Distance : 420 ft
|
|
Batting: SHB Luis Verduzco
|
0-0: SINGLE (Line Drive, 4D, EV 102.5 MPH)
|
|
Batting: RHB Alex Koral
|
0-0: Swinging Strike 0-1: Ball 1-1: Ball 2-1: Foul Ball, location: 2F 2-2: Foul Ball, location: 2F 2-2: Ball 3-2: Strikes out swinging
|
|
Batting: RHB Jason Penfield
|
0-0: Ball 1-0: Ball 2-0: Grounds into double play, 5-4-3 (Groundball, 5L, EV 108.1 MPH)
|
| Top of the 1st over - 1 run, 2 hits, 0 errors, 0 left on base; Trois-Riveres 1 - New Jersey 0 |
| BOTTOM OF THE 1ST |
|
New Jersey Devils batting - Pitching for Trois-Riveres Aigles : RHP Vince Martinez
|
|
Pitching: RHP Vince Martinez
|
|
|
Batting: RHB Sam Callahan
|
0-0: Ball 1-0: Foul Ball, location: 2F 1-1: Called Strike 1-2: Ball 2-2: SINGLE (Groundball, 56S, EV 67.5 MPH) (infield hit)
|
|
Batting: RHB Eric Zylstra
|
0-0: Called Strike 0-1: Called Strike 0-2: Ball 1-2: Foul Ball, location: 2F 1-2: Ball 2-2: Ball 3-2: Strikes out looking Sam Callahan is caught stealing 2nd base 2-4 Batter strikes out.
|
|
Batting: RHB Nate Henderson
|
0-0: Swinging Strike 0-1: Ball 1-1: Ball 2-1: Swinging Strike 2-2: Ball 3-2: Foul Ball, location: 2F 3-2: Foul Ball, location: 2F 3-2: Fly out, F8 (Flyball, 8LXD, EV 86.9 MPH)
|
| Bottom of the 1st over - 0 runs, 1 hit, 0 errors, 0 left on base; Trois-Riveres 1 - New Jersey 0 |
| TOP OF THE 2ND |
|
Trois-Riveres Aigles batting - Pitching for New Jersey Devils : RHP Frank Emery
|
|
Batting: SHB Omar Cervantes
|
0-0: Ball 1-0: Ball 2-0: Fly out, F6 (Popup, 56, EV 65.6 MPH)
|
|
Batting: RHB Alex Zamora
|
0-0: Ball 1-0: Foul Ball, location: 2F 1-1: Hit by Pitch
|
|
Batting: RHB Tim Dower
|
0-0: Swinging Strike 0-1: Ball 1-1: SINGLE (Flyball, 6MD, EV 83.8 MPH) Alex Zamora to second
|
|
Batting: RHB Wan-ling Zhu
|
0-0: Swinging Strike 0-1: Foul Ball, location: 2F 0-2: Fielders Choice at 2nd, 4-6 (Groundball, 4, EV 79.4 MPH) Alex Zamora to third
|
|
Batting: RHB Sandoval Serzedelo
|
0-0: Fly out, F8 (Line Drive, 8RM, EV 96.9 MPH)
|
| Top of the 2nd over - 0 runs, 1 hit, 0 errors, 2 left on base; Trois-Riveres 1 - New Jersey 0 |
| BOTTOM OF THE 2ND |
|
New Jersey Devils batting - Pitching for Trois-Riveres Aigles : RHP Vince Martinez
|
|
Batting: RHB Bill Crogan
|
0-0: Called Strike 0-1: Foul Ball, location: 2F 0-2: Strikes out swinging
|
|
Batting: RHB Juan Medina
|
0-0: Ball 1-0: Ball 2-0: Ball 3-0: Called Strike 3-1: Base on Balls
|
|
Batting: RHB Mark Paddock
|
0-0: Fly out, F8 (Flyball, 8LS, EV 91.2 MPH)
|
|
Batting: LHB Brad Guffin
|
0-0: Ball 1-0: Foul Ball, location: 2F 1-1: Ball 2-1: Ball 3-1: Foul Ball, location: 2F 3-2: Base on Balls Juan Medina to second
|
|
Batting: RHB Justin Williams
|
0-0: Ball 1-0: Ball 2-0: Called Strike 2-1: Foul Ball, location: 2F 2-2: Strikes out swinging
|
| Bottom of the 2nd over - 0 runs, 0 hits, 0 errors, 2 left on base; Trois-Riveres 1 - New Jersey 0 |
| TOP OF THE 3RD |
|
Trois-Riveres Aigles batting - Pitching for New Jersey Devils : RHP Frank Emery
|
|
Batting: RHB Ryan Holzwart
|
0-0: Called Strike 0-1: Hit by Pitch
|
|
Batting: SHB Luis Verduzco
|
0-0: Called Strike 0-1: SINGLE (Groundball, 6MD, EV 104.4 MPH) Ryan Holzwart to second
|
|
Batting: RHB Alex Koral
|
0-0: Ball 1-0: Ball 2-0: Ball 3-0: Base on Balls Ryan Holzwart to third Luis Verduzco to second
|
|
Batting: RHB Jason Penfield
|
0-0: Called Strike 0-1: Ball 1-1: Foul Ball, location: 2F 1-2: Foul Ball, location: 2F 1-2: Ball 2-2: Fly out, F8 (Flyball, 8RM, EV 87.5 MPH) Runner from 3rd tags up, SCORES, throw by CF Luis Verduzco to third
|
|
Batting: SHB Omar Cervantes
|
0-0: Ball Alex Koral steals 2nd base 1-0: Swinging Strike 1-1: Ball 2-1: Foul Ball, location: 2F 2-2: Ball 3-2: SINGLE (Line Drive, 7S, EV 92.5 MPH) Luis Verduzco scores Alex Koral to third
|
|
Batting: RHB Alex Zamora
|
0-0: Called Strike 0-1: Ball 1-1: Foul Ball, location: 2F 1-2: Ball 2-2: Strikes out swinging
|
|
Batting: RHB Tim Dower
|
0-0: Ball 1-0: Fielders Choice at 2nd, 6-4 (Groundball, 6, EV 83.8 MPH)
|
| Top of the 3rd over - 2 runs, 2 hits, 0 errors, 2 left on base; Trois-Riveres 3 - New Jersey 0 |
| BOTTOM OF THE 3RD |
|
New Jersey Devils batting - Pitching for Trois-Riveres Aigles : RHP Vince Martinez
|
|
Batting: RHB Emanuel Anochondo
|
0-0: Swinging Strike 0-1: Called Strike 0-2: Strikes out swinging
|
|
Batting: RHB Sam Callahan
|
0-0: Ball 1-0: Called Strike 1-1: Fly out, F4 (Popup, 3S, EV 75.0 MPH)
|
|
Batting: RHB Eric Zylstra
|
0-0: Foul Ball, location: 2F 0-1: Ball 1-1: Ball 2-1: Ground out 6-3 (Groundball, 6, EV 84.4 MPH)
|
| Bottom of the 3rd over - 0 runs, 0 hits, 0 errors, 0 left on base; Trois-Riveres 3 - New Jersey 0 |
| TOP OF THE 4TH |
|
Trois-Riveres Aigles batting - Pitching for New Jersey Devils : RHP Frank Emery
|
|
Batting: RHB Wan-ling Zhu
|
0-0: Ground out 4-3 (Groundball, 4, EV 80.6 MPH)
|
|
Batting: RHB Sandoval Serzedelo
|
0-0: Ball 1-0: Ball 2-0: Ball 3-0: Called Strike 3-1: Fly out, F7 (Flyball, 7LS, EV 96.2 MPH)
|
|
Batting: RHB Ryan Holzwart
|
0-0: Ball 1-0: Ball 2-0: Called Strike 2-1: Swinging Strike 2-2: Ground out 2-3 (Groundball, 13S, EV 65.0 MPH)
|
| Top of the 4th over - 0 runs, 0 hits, 0 errors, 0 left on base; Trois-Riveres 3 - New Jersey 0 |
| BOTTOM OF THE 4TH |
|
New Jersey Devils batting - Pitching for Trois-Riveres Aigles : RHP Vince Martinez
|
|
Batting: RHB Nate Henderson
|
0-0: Ball 1-0: SINGLE (Groundball, 5S, EV 68.1 MPH) (infield hit)
|
|
Batting: RHB Bill Crogan
|
0-0: Called Strike 0-1: Called Strike 0-2: Ball 1-2: Fly out, F7 (Flyball, 7S, EV 88.8 MPH)
|
|
Batting: RHB Juan Medina
|
0-0: Ball 1-0: 2-RUN HOME RUN (Flyball, 78XD, EV 111.2 MPH), Distance : 418 ft
|
|
Batting: RHB Mark Paddock
|
0-0: Ball 1-0: Ball 2-0: Ball 3-0: Base on Balls
|
|
Batting: LHB Brad Guffin
|
0-0: Ball 1-0: Foul Ball, location: 2F 1-1: Foul Ball, location: 2F 1-2: Strikes out swinging
|
|
Batting: RHB Justin Williams
|
0-0: Foul Ball, location: 2F 0-1: Ball 1-1: Fly out, F9 (Flyball, 9LM, EV 76.2 MPH)
|
| Bottom of the 4th over - 2 runs, 2 hits, 0 errors, 1 left on base; Trois-Riveres 3 - New Jersey 2 |
| TOP OF THE 5TH |
|
Trois-Riveres Aigles batting - Pitching for New Jersey Devils : RHP Frank Emery
|
|
Batting: SHB Luis Verduzco
|
0-0: Called Strike 0-1: Ground out U3 (Groundball, 3S, EV 60.6 MPH)
|
|
Batting: RHB Alex Koral
|
0-0: Called Strike 0-1: Swinging Strike 0-2: Foul Ball, location: 2F 0-2: Fly out, F8 (Flyball, 8LD, EV 81.2 MPH)
|
|
Batting: RHB Jason Penfield
|
0-0: Foul Ball, location: 2F 0-1: Ball 1-1: Ball 2-1: Foul Ball, location: 2F 2-2: Ball 3-2: SINGLE (Line Drive, 8LS, EV 104.4 MPH)
|
|
Batting: SHB Omar Cervantes
|
0-0: Ball 1-0: Foul Ball, location: 2F 1-1: Ball Jason Penfield is caught stealing 2nd base 2-6
|
| Top of the 5th over - 0 runs, 1 hit, 0 errors, 0 left on base; Trois-Riveres 3 - New Jersey 2 |
| BOTTOM OF THE 5TH |
|
New Jersey Devils batting - Pitching for Trois-Riveres Aigles : RHP Vince Martinez
|
|
Batting: RHB Emanuel Anochondo
|
0-0: Ground out U3 (Groundball, 34, EV 90.0 MPH)
|
|
Batting: RHB Sam Callahan
|
0-0: Foul Ball, location: 2F 0-1: Foul Ball, location: 2F 0-2: Ball 1-2: Foul Ball, location: 2F 1-2: Fly out, F3 (Popup, 3F, EV 76.2 MPH)
|
|
Batting: RHB Eric Zylstra
|
0-0: Ball 1-0: Fly out, F7 (Line Drive, 7S, EV 101.9 MPH)
|
| Bottom of the 5th over - 0 runs, 0 hits, 0 errors, 0 left on base; Trois-Riveres 3 - New Jersey 2 |
| TOP OF THE 6TH |
|
Trois-Riveres Aigles batting - Pitching for New Jersey Devils : RHP Frank Emery
|
|
Batting: SHB Omar Cervantes
|
0-0: Ball 1-0: SINGLE (Line Drive, 78M, EV 96.9 MPH)
|
|
Batting: RHB Alex Zamora
|
0-0: Called Strike 0-1: SINGLE (Groundball, 34D, EV 101.2 MPH) Omar Cervantes to second Runner from 2nd tries for 3rd, SAFE, no throw by RF
|
|
Batting: RHB Tim Dower
|
0-0: Foul Ball, location: 2F 0-1: Ball 1-1: Ball 2-1: Called Strike 2-2: Foul Ball, location: 2F 2-2: Ball 3-2: Strikes out looking
|
|
Batting: RHB Wan-ling Zhu
|
0-0: Ball 1-0: Swinging Strike 1-1: Ball 2-1: Ground out U3 (Groundball, 34, EV 83.8 MPH) Alex Zamora to second
|
|
Batting: RHB Sandoval Serzedelo
|
0-0: Ball 1-0: Foul Ball, location: 2F 1-1: Foul Ball, location: 2F 1-2: Fly out, F8 (Flyball, 8LD, EV 96.9 MPH)
|
| Top of the 6th over - 0 runs, 2 hits, 0 errors, 2 left on base; Trois-Riveres 3 - New Jersey 2 |
| BOTTOM OF THE 6TH |
|
New Jersey Devils batting - Pitching for Trois-Riveres Aigles : RHP Vince Martinez
|
|
Batting: RHB Nate Henderson
|
0-0: Ball 1-0: Foul Ball, location: 2F 1-1: Ball 2-1: Ball 3-1: Foul Ball, location: 2F 3-2: Strikes out swinging
|
|
Batting: RHB Bill Crogan
|
0-0: Ball 1-0: Ball 2-0: Swinging Strike 2-1: Foul Ball, location: 2F 2-2: Foul Ball, location: 2F 2-2: Foul Ball, location: 2F 2-2: Foul Ball, location: 2F 2-2: Strikes out swinging
|
|
Batting: RHB Juan Medina
|
0-0: Ball 1-0: SINGLE (Groundball, 4MD, EV 95.0 MPH)
|
|
Batting: RHB Mark Paddock
|
0-0: Swinging Strike 0-1: Ground out U3 (Groundball, 34S, EV 89.4 MPH)
|
| Bottom of the 6th over - 0 runs, 1 hit, 0 errors, 1 left on base; Trois-Riveres 3 - New Jersey 2 |
| TOP OF THE 7TH |
|
Trois-Riveres Aigles batting - Pitching for New Jersey Devils : RHP Frank Emery
|
|
Batting: RHB Ryan Holzwart
|
0-0: Foul Ball, location: 2F 0-1: Called Strike 0-2: Ball 1-2: Ball 2-2: Foul Ball, location: 2F 2-2: Ball 3-2: Foul Ball, location: 2F 3-2: Foul Ball, location: 2F 3-2: Ground out 5-3 (Groundball, 56S, EV 87.5 MPH)
|
|
Batting: SHB Luis Verduzco
|
0-0: Ball 1-0: SOLO HOME RUN (Flyball, 9LD, EV 91.9 MPH), Distance : 339 ft
|
|
Batting: RHB Alex Koral
|
0-0: Called Strike 0-1: Foul Ball, location: 2F 0-2: Ball 1-2: Ball 2-2: DOUBLE (Line Drive, 7LM, EV 103.1 MPH)
|
|
Batting: RHB Jason Penfield
|
0-0: Intentional Walk
|
|
Pitching: LHP Jesus Espitia
|
|
|
Batting: SHB Omar Cervantes
|
0-0: Ball 1-0: Called Strike 1-1: Foul Ball, location: 2F 1-2: Strikes out looking
|
|
Batting: RHB Alex Zamora
|
0-0: SINGLE (Groundball, 56, EV 98.1 MPH) Alex Koral to third Jason Penfield to second Throwing error, E7 Alex Koral scores Jason Penfield to third Alex Zamora to second
|
|
Batting: RHB Tim Dower
|
0-0: Called Strike 0-1: Swinging Strike 0-2: Foul Ball, location: 2F 0-2: Ball 1-2: Foul Ball, location: 2F 1-2: Strikes out swinging
|
| Top of the 7th over - 2 runs, 3 hits, 1 error, 2 left on base; Trois-Riveres 5 - New Jersey 2 |
| BOTTOM OF THE 7TH |
|
New Jersey Devils batting - Pitching for Trois-Riveres Aigles : RHP Vince Martinez
|
|
Batting: LHB Brad Guffin
|
0-0: Called Strike 0-1: Foul Ball, location: 2F 0-2: Ball 1-2: Strikes out swinging
|
|
Batting: RHB Justin Williams
|
0-0: Ground out 4-3 (Groundball, 13, EV 87.5 MPH)
|
|
Batting: RHB Emanuel Anochondo
|
0-0: Ground out 4-3 (Groundball, 4, EV 84.4 MPH)
|
| Bottom of the 7th over - 0 runs, 0 hits, 0 errors, 0 left on base; Trois-Riveres 5 - New Jersey 2 |
| TOP OF THE 8TH |
|
Trois-Riveres Aigles batting - Pitching for New Jersey Devils : LHP Jesus Espitia
|
|
Batting: RHB Wan-ling Zhu
|
0-0: Called Strike 0-1: Ball 1-1: Foul Ball, location: 2F 1-2: Ball 2-2: Foul Ball, location: 2F 2-2: Ball 3-2: Fly out, F9 (Flyball, 9LMF, EV 103.1 MPH)
|
|
Batting: RHB Sandoval Serzedelo
|
0-0: Swinging Strike 0-1: Ball 1-1: Ball 2-1: Ball 3-1: Ground out 4-3 (Groundball, 4M, EV 105.6 MPH)
|
|
Batting: RHB Ryan Holzwart
|
0-0: Ball 1-0: SINGLE (Groundball, 6, EV 100.0 MPH)
|
|
Batting: SHB Luis Verduzco
|
0-0: Fielders Choice at 2nd, 5-4 (Groundball, 5, EV 86.9 MPH)
|
| Top of the 8th over - 0 runs, 1 hit, 0 errors, 1 left on base; Trois-Riveres 5 - New Jersey 2 |
| BOTTOM OF THE 8TH |
|
New Jersey Devils batting - Pitching for Trois-Riveres Aigles : RHP Vince Martinez
|
|
Batting: RHB Sam Callahan
|
0-0: Ball 1-0: Ball 2-0: Foul Ball, location: 2F 2-1: Ball 3-1: Base on Balls
|
|
Batting: RHB Eric Zylstra
|
0-0: Ball 1-0: Ball 2-0: Ball 3-0: Called Strike 3-1: Base on Balls Sam Callahan to second
|
|
Batting: RHB Nate Henderson
|
0-0: Ball 1-0: Foul Ball, location: 2F 1-1: Fly out, F7 (Flyball, 7, EV 80.0 MPH)
|
|
Pitching: LHP Min Xue
|
|
|
Batting: RHB Bill Crogan
|
0-0: Ball 1-0: Swinging Strike 1-1: Ball 2-1: Ball 3-1: Grounds into double play, 5-4-3 (Groundball, 56S, EV 85.6 MPH)
|
| Bottom of the 8th over - 0 runs, 0 hits, 0 errors, 1 left on base; Trois-Riveres 5 - New Jersey 2 |
| TOP OF THE 9TH |
|
Trois-Riveres Aigles batting - Pitching for New Jersey Devils : LHP Jesus Espitia
|
|
Batting: RHB Alex Koral
|
0-0: Ball 1-0: Foul Ball, location: 2F 1-1: Swinging Strike 1-2: SINGLE (Groundball, 4S, EV 71.9 MPH) (infield hit)
|
|
Batting: RHB Jason Penfield
|
0-0: Called Strike 0-1: Ball 1-1: Ball 2-1: Ball 3-1: Called Strike 3-2: Foul Ball, location: 2F 3-2: Strikes out looking Alex Koral is caught stealing 2nd base 2-4 Batter strikes out.
|
|
Batting: SHB Omar Cervantes
|
0-0: Called Strike 0-1: Foul Ball, location: 2F 0-2: Foul Ball, location: 2F 0-2: Ball 1-2: Strikes out swinging
|
| Top of the 9th over - 0 runs, 1 hit, 0 errors, 0 left on base; Trois-Riveres 5 - New Jersey 2 |
| BOTTOM OF THE 9TH |
|
New Jersey Devils batting - Pitching for Trois-Riveres Aigles : LHP Min Xue
|
|
Batting: RHB Juan Medina
|
0-0: Ball 1-0: Foul Ball, location: 2F 1-1: Ball 2-1: Ball 3-1: Base on Balls
|
|
Batting: RHB Mark Paddock
|
0-0: Called Strike 0-1: Called Strike 0-2: SINGLE (Groundball, 6D, EV 108.1 MPH) Juan Medina to second
|
|
Batting: LHB Brad Guffin
|
0-0: SINGLE (Groundball, 4D, EV 96.9 MPH) Juan Medina to third Mark Paddock to second
|
|
Batting: RHB Justin Williams
|
0-0: Called Strike 0-1: Called Strike 0-2: Strikes out swinging
|
|
Batting: RHB Emanuel Anochondo
|
0-0: GRAND SLAM HOME RUN (Flyball, 9LD, EV 92.5 MPH), Distance : 351 ft
|
| Bottom of the 9th over - 4 runs, 3 hits, 0 errors, 0 left on base; Trois-Riveres 5 - New Jersey 6 |
|